 Dungeon Crawl Stone Soup version 0.26-a0-540-g8a0c9464d7 (webtiles) character file.

Game seed: 11237823046290589133

145 Gargoyl the Skirmisher (level 5, 0/47 HPs)
             Began as a Gnoll Abyssal Knight on Aug 15, 2020.
             Was a Believer of Lugonu.
             Killed by vampiric draining
             ... invoked by ANON1729's ghost
              (10 damage)
             ... on level 3 of the Dungeon.
             The game lasted 00:03:44 (2604 turns).

Gargoyl the Skirmisher (Gnoll Abyssal Knight)       Turns: 2604, Time: 00:03:45

Health: 0/47       AC: 13    Str: 12 (15) XL:     5   Next: 27%
Magic:  8/8        EV:  6    Int: 12 (15) God:    Lugonu [**....]
Gold:   155        SH:  0    Dex:  8 (14) Spells: 6/6 levels left

rFire    + . .     SeeInvis .   a - +2 hand axe
rCold    + . .     Faith    .   (no shield)
rNeg     . . .     Spirit   .   c - +0 chain mail
rPois    +         Reflect  .   (helmet restricted)
rElec    +         Harm     .   (no cloak)
rCorr    +                      k - +1 pair of gloves
MR       .....                  f - +0 pair of boots
Stlth    ..........             (no amulet)
HPRegen  0.15/turn              (no ring)
MPRegen  0.11/turn              (no ring)

@: resistant
A: distributed training, fangs 1, horns 1, deterioration 1, strong nose
a: Depart the Abyss, Bend Space, Renounce Religion


You were on level 3 of the Dungeon.
You worshipped Lugonu.
Lugonu was pleased with you.
You visited 1 branch of the dungeon, and saw 3 of its levels.
You visited the Abyss 1 time.

You collected 155 gold pieces.

Inventory:

Hand Weapons
 a - a +2 hand axe (weapon)
Armour
 c - a +0 chain mail (worn)
 f - a +0 pair of boots (worn)
 h - a +2 helmet
 k - a +1 pair of gloves (worn)
Scrolls
 b - a scroll of identify
 j - a scroll of teleportation
 l - a scroll of noise {unknown}
 m - a scroll of immolation {unknown}
Potions
 g - a potion of might {unknown}
 n - a potion of ambrosia {unknown}


   Skills:
 + Level 6.7 Fighting
 + Level 1.4 Short Blades
 + Level 1.4 Long Blades
 + Level 4.7 Axes
 + Level 1.4 Maces & Flails
 + Level 1.4 Polearms
 + Level 1.4 Staves
 + Level 1.4 Slings
 + Level 1.4 Bows
 + Level 1.4 Crossbows
 + Level 1.4 Throwing
 + Level 4.7 Armour
 + Level 2.9 Dodging
 + Level 1.4 Stealth
 + Level 1.4 Shields
 + Level 1.4 Unarmed Combat
 + Level 1.4 Spellcasting
 + Level 1.1 Conjurations
 + Level 1.1 Hexes
 + Level 1.1 Summonings
 + Level 1.1 Necromancy
 + Level 1.1 Translocations
 + Level 1.1 Transmutations
 + Level 1.1 Fire Magic
 + Level 1.1 Ice Magic
 + Level 1.1 Air Magic
 + Level 1.1 Earth Magic
 + Level 1.1 Poison Magic
 + Level 4.8 Invocations
 + Level 1.4 Evocations


You had 6 spell levels left.
You didn't know any spells.
Your spell library was empty.

Dungeon Overview and Level Annotations

Branches:
Dungeon (3/15)

Altars:
Fedhas
Kikubaaqudgha

Annotations:
D:3 ANON1729's ghost, amateur DsNe


Innate Abilities, Weirdness & Mutations

Your experience applies equally to all skills.
You have very sharp teeth.
Your uncanny sense of smell can sniff out nearby items.
You have a pair of small horns on your head.
Your body sometimes deteriorates upon taking damage.


Message History

ANON1729's ghost is severely damaged.
ANON1729's ghost hits you.
* * * LOW HITPOINT WARNING * * *
You hit ANON1729's ghost.
ANON1729's ghost is severely damaged.
ANON1729's ghost hits you but does no damage.
You hit ANON1729's ghost but do no damage.
ANON1729's ghost is severely damaged.
ANON1729's ghost gestures at you while chanting.
Pain shoots through your body!
* * * LOW HITPOINT WARNING * * *
You closely miss ANON1729's ghost.
ANON1729's ghost is severely damaged.
ANON1729's ghost hits you but does no damage.
Okay, then.
It was a potion of degeneration.
There was something very wrong with that liquid.
You feel weakened.
You feel dopey.
You feel clumsy.
ANON1729's ghost is infused with unholy energy.
You die...

####### ##..#.#.....###..#
#<.##...#####.##.##
#.###..##......#..# #.#
#.##....#..##(#
####.###.#©..#...#.#.# ####
###........##.5##.#. #.##
...####...#####..©#.#5..#.##..###
...#....### ##W##.5...#$#......
.....#### #@#...#©.=)#©.....
)...############.#.#...#..#......
........)........##.#.....##.....
...#############..#...#.#..#.....
...# ##.#...#.#..#..... ...#
#.#.......##..... ...#
#.###.5.###...... ...#
#...#####...##### ####
###.......###


You could see ANON1729's ghost.

Vanquished Creatures
  A quasit (D:3)
  4 adders
  An ooze (D:1)
  A worm (D:3)
  A dart slug (D:1)
  5 leopard geckos
  6 orcs (D:3)
  2 giant cockroaches (D:2)
  7 goblins
  2 hobgoblins
  2 jackals (D:3)
  A quokka (D:2)
  11 bats
  2 frilled lizards (D:2)
  5 kobolds
  6 rats
57 creatures vanquished.

Notes
Turn   | Place    | Note
-------+----------+-------------------------------------------
     0 | Abyss:1  | Gargoyl the Gnoll Abyssal Knight began the quest for the
                  | Orb.
     0 | Abyss:1  | Reached XP level 1. HP: 23/23 MP: 3/3
    62 | Abyss:1  | Noticed a tentacled starspawn
    78 | Abyss:1  | Noticed a thrashing horror
   205 | Abyss:1  | Noticed an ancient zyme
   206 | Abyss:1  | Noticed a large abomination
   209 | D:1      | Escaped the Abyss
   609 | D:1      | Reached XP level 2. HP: 29/29 MP: 5/5
  1179 | D:1      | Reached * piety under Lugonu
  1218 | D:1      | Reached XP level 3. HP: 35/35 MP: 6/6
  1566 | D:2      | Reached skill level 1 in Short Blades
  1566 | D:2      | Reached skill level 1 in Long Blades
  1566 | D:2      | Reached skill level 1 in Maces & Flails
  1566 | D:2      | Reached skill level 1 in Polearms
  1566 | D:2      | Reached skill level 1 in Staves
  1566 | D:2      | Reached skill level 1 in Slings
  1566 | D:2      | Reached skill level 1 in Bows
  1566 | D:2      | Reached skill level 1 in Crossbows
  1566 | D:2      | Reached skill level 1 in Throwing
  1566 | D:2      | Reached skill level 1 in Stealth
  1566 | D:2      | Reached skill level 1 in Shields
  1566 | D:2      | Reached skill level 1 in Unarmed Combat
  1566 | D:2      | Reached skill level 1 in Spellcasting
  1566 | D:2      | Reached skill level 1 in Evocations
  1675 | D:2      | Reached XP level 4. HP: 41/41 MP: 7/7
  1697 | D:2      | Found a blossoming altar of Fedhas.
  1700 | D:2      | Found an ancient bone altar of Kikubaaqudgha.
  1976 | D:3      | Gained mutation: Your body sometimes deteriorates upon
                  | taking damage. [potion of mutation]
  1976 | D:3      | Gained mutation: You have a pair of small horns on your
                  | head. [potion of mutation]
  2023 | D:3      | Noticed ANON1729's ghost (amateur DsNe)
  2029 | D:3      | Found a transporter.
  2146 | D:3      | Reached skill level 1 in Conjurations
  2146 | D:3      | Reached skill level 1 in Hexes
  2146 | D:3      | Reached skill level 1 in Summonings
  2146 | D:3      | Reached skill level 1 in Necromancy
  2146 | D:3      | Reached skill level 1 in Translocations
  2146 | D:3      | Reached skill level 1 in Transmutations
  2146 | D:3      | Reached skill level 1 in Fire Magic
  2146 | D:3      | Reached skill level 1 in Ice Magic
  2146 | D:3      | Reached skill level 1 in Air Magic
  2146 | D:3      | Reached skill level 1 in Earth Magic
  2146 | D:3      | Reached skill level 1 in Poison Magic
  2147 | D:3      | Reached ** piety under Lugonu
  2499 | D:3      | Found a transporter.
  2583 | D:3      | Reached XP level 5. HP: 37/47 MP: 8/8
  2597 | D:3      | HP: 1/47 [ANON1729's ghost/nerve-wracking pain (11)]
  2604 | D:3      | Killed from afar by ANON1729's ghost

Illustrated notes

Levels and vault maps discovered:
D:1:      lightli_arrival_lavapool, layout_loops_corners
D:2:      layout_rooms, grunt_temple_overflow_growth_and_decay
D:3:      layout_rooms, gammafunk_ghost_stat_death, eino_tiny_chamber

Skill      XL: |  1  2  3  4 |
---------------+-------------+-----
Short Blades   | 1 |  1.4
Long Blades    | 1 |  1.4
Maces & Flails | 1 |  1.4
Polearms       | 1 |  1.4
Staves         | 1 |  1.4
Slings         | 1 |  1.4
Bows           | 1 |  1.4
Crossbows      | 1 |  1.4
Throwing       | 1 |  1.4
Stealth        | 1 |  1.4
Shields        | 1 |  1.4
Unarmed Combat | 1 |  1.4
Spellcasting   | 1 |  1.4
Evocations     | 1 |  1.4
Conjurations   | 1 |  1.1
Hexes          | 1 |  1.1
Summonings     | 1 |  1.1
Necromancy     | 1 |  1.1
Translocations | 1 |  1.1
Transmutations | 1 |  1.1
Fire Magic     | 1 |  1.1
Ice Magic      | 1 |  1.1
Air Magic      | 1 |  1.1
Earth Magic    | 1 |  1.1
Poison Magic   | 1 |  1.1
Fighting       | |  6.7
Axes           | |  4.7
Armour         | |  4.7
Dodging        | |  2.9
Invocations    | |  4.8

Action                   |  1- 3 |  4- 6 || total
-------------------------+-------+-------++-------
Melee: Hand axe          |    71 |    91 ||   162
       Bite              |     1 |     6 ||     7
       Headbutt          |       |     8 ||     8
Invok: Depart the Abyss  |     1 |       ||     1
  Use: Scroll            |     6 |     3 ||     9
       Potion            |       |     4 ||     4
Armor: Chain mail        |    57 |   109 ||   166
Dodge: Dodged            |    30 |    50 ||    80

Table legend: (Time is in decaauts)
 A = Elapsed time spent in this place.
 B = Non-inter-level travel time spent in this place.
 C = Inter-level travel time spent in this place.
 D = Time resting spent in this place.
 E = Time spent auto-exploring this place.
 F = Levels seen in this place.
 G = Mean time per level.
                   A        B        C        D        E       F      G
               +--------+--------+--------+--------+--------+-----+--------+
         Total |   2613 |   2588 |     25 |    546 |   1479 |   4 |  653.2 |
       Dungeon |   2404 |   2379 |     25 |    546 |   1303 |   3 |  801.3 |
         Abyss |    209 |    209 |      0 |      0 |    176 |   1 |  209.0 |
               +--------+--------+--------+--------+--------+-----+--------+

Top non-repeatable levels by time:
     D:1: 1099 daAuts
     D:3: 710 daAuts
     D:2: 594 daAuts
 Abyss:1: 209 daAuts
